 Dungeon Crawl Stone Soup version 0.31-a0-152-g6aa68a64a1 (webtiles) character file.

Game seed: 8575220484724184934

71 comborobin the Sneak (level 4, -6/27 HPs)
             Began as a Deep Elf Delver on June 10, 2023.
             Was an Initiate of Okawaru.
             Mangled by Menkaure (13 damage)
             ... on level 4 of the Dungeon.
             The game lasted 00:03:04 (1485 turns).

comborobin the Sneak (Deep Elf Delver)              Turns: 1485, Time: 00:03:04

Health: -6/27      AC:  4    Str:  9    XL:     4   Next: 5%
Magic:  7/7        EV: 12    Int: 15    God:    Okawaru [......]
Gold:   161        SH:  0    Dex: 18    Spells: 3/3 levels left

rFire   . . .        o - +1 short sword (flame)
rCold   . . .        (no shield)
rNeg    . . .        b - +0 leather armour
rPois   .            (no helmet)
rElec   .            (no cloak)
rCorr   .            (no gloves)
SInv    .            l - +0 pair of boots
Will    +....        (no amulet)
Stlth   +++          (no ring)
HPRegen 0.24/turn    (no ring)
MPRegen 0.10/turn

%: no passive effects
@: enlightened, flying
A: no striking features
a: Renounce Religion


You were on level 4 of the Dungeon.
You worshipped Okawaru.
Okawaru was noncommittal.
You visited 1 branch of the dungeon, and saw 5 of its levels.

You collected 161 gold pieces.

Inventory:

Hand Weapons
 a - a +1 dagger of speed
 o - a +1 short sword of flaming (weapon)
Armour
 b - a +0 leather armour (worn)
 l - a +0 pair of boots (worn)
Wands
 g - a wand of digging (1)
Scrolls
 c - a scroll of fog
 e - a scroll of fear
 h - 2 scrolls of vulnerability
 i - 2 scrolls of poison
 j - 2 scrolls of brand weapon
 k - a scroll of identify


   Skills:
 - Level 2.4 Fighting
 + Level 3.8 Short Blades
 + Level 2.4 Dodging
 - Level 6.0 Stealth
 + Level 2.0 Invocations


You had 3 spell levels left.
You didn't know any spells.
Your spell library was empty.

Dungeon Overview and Level Annotations

Branches:
Dungeon (6/15)
 Temple: D:4-7

Altars:
Dithmenos
Okawaru
Trog
Wu Jian

Annotations:
D:4 Menkaure


Message History

A gnoll is nearby!
Okay, then.
A gnoll bouda comes into view. It is wielding a +0 club.
A gnoll comes into view. It is wielding a +0 whip.
The gnoll moves out of view.
The gnoll bouda shouts!
The gnoll shouts! x3
There is a stone staircase leading down here.
The gnoll bouda barks out a call to the hunt!
The gnolls pick up the pace!
You climb downwards.
Level annotation: Menkaure
There is a stone staircase leading up here.
Menkaure is nearby!
Okay, then.
It was a potion of heal wounds.
You feel much better.
You feel very buoyant.
You fly up into the air.
Menkaure casts a spell.
Menkaure seems to speed up.
You don't know any spells.
Unknown command.
Okay, then.
Your +1 short sword of flaming bursts into flame!
o - a +1 short sword of flaming (weapon)
Menkaure barely misses you.
You closely miss Menkaure. Menkaure hits you!
You hit Menkaure. You burn Menkaure.
Menkaure is moderately damaged.
Menkaure hits you.
You barely miss Menkaure.
Menkaure is moderately damaged.
Menkaure misses you.
You barely miss Menkaure. You punch Menkaure, but do no damage.
Menkaure is moderately damaged.
Menkaure hits you.
* * * LOW HITPOINT WARNING * * *
You hit Menkaure. You burn Menkaure.
Menkaure is heavily damaged.
Menkaure hits you!
You die...

### #.#...## #(.
#...<..#####
#.####[......$..#
#######...............#
....>...............#..
###.####.#.............
#.#..........#.#
#.##!#.....##.#.
#.####.##.#.M@....## .
#.......>..####.###.#..
#..####.#### #.###..#.
#.# #..........# #.#
#..#######.# ..# #..#
#.# ### #..# #.#
#######..# #.###
.........# #...####


You could see Menkaure (fast).

Vanquished Creatures
  2 gnolls (D:3)
  2 adders
  A worm (D:2)
  A dart slug (D:2)
  5 orcs
  A ball python (D:2)
  A hobgoblin (D:2)
  A quokka (D:2)
  4 bats
  2 goblins
  2 kobolds
  5 rats
27 creatures vanquished.

Notes
Turn   | Place    | Note
-------+----------+-------------------------------------------
     0 | D:5      | comborobin the Deep Elf Delver began the quest for the Orb.
     0 | D:5      | Reached XP level 1. HP: 13/13 MP: 3/3
     1 | D:6      | Noticed a yak
     1 | D:6      | Noticed a yak
     1 | D:6      | Noticed a yak
     2 | D:6      | Noticed a yak
     4 | D:6      | Noticed a yak
     5 | D:6      | Noticed a yak
    12 | D:5      | Found an iron altar of Okawaru.
    13 | D:5      | Found a bloodstained altar of Trog.
    13 | D:5      | Noticed a black bear
    13 | D:5      | Noticed a black bear
    14 | D:5      | Noticed a hound
    15 | D:5      | Became a worshipper of Warmaster Okawaru
    42 | D:5      | Found a shadowy altar of Dithmenos.
    44 | D:5      | Found an ornate altar of the Wu Jian Council.
    56 | D:4      | Noticed Menkaure
   177 | D:3      | Reached XP level 2. HP: 18/18 MP: 4/4
   604 | D:2      | Reached XP level 3. HP: 20/22 MP: 5/5
  1185 | D:3      | Reached skill level 1 in Invocations
  1328 | D:3      | Reached XP level 4. HP: 24/27 MP: 7/7
  1485 | D:4      | Mangled by Menkaure

Illustrated notes

Levels and vault maps discovered:
D:2:      layout_loops_ring
D:3:      layout_rooms
D:4:      layout_loops_ring, temple_hall, uniq_edmund, uniq_robin,
          uniq_menkaure, uniq_duvessa
D:5:      layout_layer_cave, trog_ov_bears_minmay, okawaru_altar_gauntlet_db,
          chequers_temple_overflow_statue_of_worship, minmay_misc_feat_room
D:6:      layout_loops_corners, gammafunk_ghost_smash

Skill      XL: |  1  2  3  4 |
---------------+-------------+-----
Short Blades   | 3 |  3.8
Invocations    | 1 2 |  2.0
Fighting       | |  2.4
Dodging        | |  2.4
Stealth        | |  6.0

Action                     |  1- 3 |  4- 6 || total
---------------------------+-------+-------++-------
  Melee: Short sword       |    54 |     5 ||    59
         Dagger            |    33 |     7 ||    40
         Punch             |       |     1 ||     1
  Evoke: Wand              |     2 |       ||     2
    Use: Potion            |     3 |     2 ||     5
         Scroll            |     6 |       ||     6
   Stab: Sleeping          |     8 |       ||     8
 Armour: Leather armour    |    20 |       ||    20
  Dodge: Dodged            |    40 |     2 ||    42

Table legend: (Time is in decaauts)
 A = Elapsed time spent in this place.
 B = Non-inter-level travel time spent in this place.
 C = Inter-level travel time spent in this place.
 D = Time resting spent in this place.
 E = Time spent auto-exploring this place.
 F = Levels seen in this place.
 G = Mean time per level.
                   A        B        C        D        E       F      G
               +--------+--------+--------+--------+--------+-----+--------+
         Total |   1435 |   1389 |     46 |    175 |    882 |   5 |  287.0 |
       Dungeon |   1435 |   1389 |     46 |    175 |    882 |   5 |  287.0 |
               +--------+--------+--------+--------+--------+-----+--------+

Top non-repeatable levels by time:
     D:2: 860 daAuts
     D:3: 503 daAuts
     D:4: 39 daAuts
     D:5: 28 daAuts
     D:6: 3 daAuts
